 Dungeon Crawl Stone Soup version 0.29.0-11-gd7f09526c8 (webtiles) character file.

Game seed: 4899560293343860644

10 blackman the Grasshopper (level 2, 0/22 HPs)
             Began as a Demonspawn Warper on Sept 4, 2022.
             Slain by a goblin
             ... wielding a +0 club
              (4 damage)
             ... on level 1 of the Dungeon.
             The game lasted 00:01:02 (559 turns).

blackman the Grasshopper (Demonspawn Warper)         Turns: 559, Time: 00:01:03

Health: 0/22       AC:  3    Str: 11    XL:     2   Next: 10%
Magic:  5/5        EV: 11    Int: 14    God:
Gold:   11         SH:  0    Dex: 12    Spells: 5/5 levels left

rFire   . . .      SeeInvis .   a - +0 mace
rCold   . . .      Faith    .   (no shield)
rNeg    . . .      Spirit   .   b - +0 leather armour
rPois   .          Reflect  .   (helmet restricted)
rElec   .          Harm     .   (no cloak)
rCorr   .          Rampage  .   (no gloves)
Will    .....                   (no boots)
Stlth   +.........              (no amulet)
HPRegen 0.07/turn               (no ring)
MPRegen 0.09/turn               (no ring)

@: no status effects
A: antennae 1
a: no special abilities


You were on level 1 of the Dungeon.
You visited 1 branch of the dungeon, and saw 1 of its levels.

You collected 11 gold pieces.

Inventory:

Hand Weapons
 a - a +0 mace (weapon)
Missiles
 d - 7 boomerangs of dispersal (quivered)
Armour
 b - a +0 leather armour (worn)
Scrolls
 c - a scroll of blinking
 f - a scroll of magic mapping {unknown}
 h - a scroll of vulnerability {unknown}
Potions
 e - a potion of curing {unknown}
 g - a potion of haste {unknown}
 i - a potion of resistance {unknown}


   Skills:
 - Level 2.0 Fighting
 - Level 1.7 Maces & Flails
 * Level 2.0 Throwing
 - Level 0.8 Armour
 - Level 1.7 Dodging
 - Level 2.0 Spellcasting
 - Level 2.6 Translocations


You had 5 spell levels left.
You didn't know any spells.
Your spell library contained the following spells:

 Spells                   Type           Power      Damage    Failure   Level
 Blink                    Tloc           16%        N/A       16%         2
 Gell's Gravitas          Tloc           8%         N/A       30%         3
 Lesser Beckoning         Tloc           8%         N/A       30%         3
 Teleport Other           Tloc           8%         N/A       30%         3
 Manifold Assault         Tloc           8%         N/A       96%         5


Dungeon Overview and Level Annotations

Branches:
Dungeon (1/15)

Altars:


Innate Abilities, Weirdness & Mutations

You have a pair of small antennae on your head.


Message History

Found a stone staircase leading down.
i - a golden potion You open the large door.
Found a helmet.
There is a large open door here.
There is a large open door here.
A goblin comes into view. It is wielding a +0 club.
Found 2 scrolls labelled BIAGHO XAEC.
A goblin is nearby!
A goblin is nearby!
A goblin is nearby!
The goblin shouts!
A bat comes into view.
An endoplasm comes into view.
The endoplasm quivers.
The bat hits you. The goblin hits you with a +0 club.
You barely miss the bat. The bat hits you but does no damage.
The goblin hits you with a +0 club.
You miss the goblin. The bat hits you but does no damage.
The goblin barely misses you.
You miss the goblin. The bat barely misses you.
The goblin hits you with a +0 club. The bat closely misses you.
The goblin hits you with a +0 club.
You hit the bat. You punch the bat.
You kill the bat!
The goblin barely misses you.
Your Throwing skill increases to level 2!
You hit the endoplasm but do no damage. The goblin hits you with a +0 club.
The endoplasm freezes you.
You are frozen.
* * * LOW HITPOINT WARNING * * *
You are too injured to fight recklessly!
You are too injured to fight recklessly!
The goblin closely misses you.
The endoplasm hits you but does no damage.
The goblin hits you with a +0 club.
* * * LOW HITPOINT WARNING * * *
The endoplasm closely misses you. The goblin hits you with a +0 club.
You die...

###...# ....... .# .......
#?# ....... #.# #......
#.# #...... #.####### ..
......J####...[...# ...#
......g@.##.......# ...#
......##..........#
...#### ##### #..........#
......# #.....######
....#.######### ##'#+##
..##..#.......####'#.#####
.#.#..#.............>.....
#.#..................#####
##†..................#


You could see an endoplasm and a goblin.

Vanquished Creatures
  2 ball pythons (D:1)
  3 bats (D:1)
  A frilled lizard (D:1)
  A goblin (D:1)
  A kobold (D:1)
  3 rats (D:1)
11 creatures vanquished.

Notes
Turn   | Place    | Note
-------+----------+-------------------------------------------
     0 | D:1      | blackman the Demonspawn Warper began the quest for the Orb.
     0 | D:1      | Reached XP level 1. HP: 16/16 MP: 3/3
    14 | D:1      | Reached skill level 1 in Throwing
   427 | D:1      | Gained mutation: You have a pair of small antennae on your
                  | head. [demonic ancestry]
   427 | D:1      | Reached XP level 2. HP: 16/22 MP: 5/5
   559 | D:1      | Slain by a goblin

Illustrated notes

Levels and vault maps discovered:
D:1:      dpeg_arrival_ratfight, layout_basic, serial_shops,
          nicolae_diamond_shop, serial_park_tiny_2,
          minmay_misc_feat_secret_circle, minmay_crystal_water

Skill      XL: |  1  2 |
---------------+-------+-----
Throwing       | 1 2 |  2.0
Fighting       | |  2.0
Maces & Flails | |  1.7
Armour         | |  0.8
Dodging        | |  1.7
Spellcasting   | |  2.0
Translocations | |  2.6

Action                   || total
-------------------------++-------
Melee: Mace              ||    35
       Punch             ||     1
Armor: Leather armour    ||    14
Dodge: Dodged            ||    29
